 Dungeon Crawl Stone Soup version 0.18-a0-1435-gee79d65 (webtiles) character file.

401 M4edhros the Ducker (level 6, -1/35 HPs)
             Began as an Octopode Hunter on Feb 29, 2016.
             Slain by a river rat (7 damage)
             ... summoned by Eustachio
             ... on level 4 of the Dungeon.
             The game lasted 00:03:38 (2050 turns).

M4edhros the Ducker (Octopode Hunter)               Turns: 2050, Time: 00:03:39

Health: -1/35      AC:  5    Str:  8 (11) XL:     6   Next: 85%
Magic:  6/6        EV: 15    Int: 12 (14) God:
Gold:   180        SH:  0    Dex: 13 (16) Spells: 0 memorised, 5 levels left

rFire  + + .     SeeInvis +     b - +0 short sword
rCold  . . .     Gourm    .     (no shield)
rNeg   . . .     Faith    .     (helmet restricted)
rPois  .         Spirit   .     (no amulet)
rElec  .         Dismiss  .     (no ring)
rCorr  .         Reflect  .     g - ring of protection from fire
SustAt .         Harm     .     (no ring)
MR     .....                    (no ring)
Stlth  ++........               (no ring)
                                (no ring)
                                (no ring)
                                (no ring)

@: confused, not resistant to hostile enchantments, unstealthy
A: almost no armour, amphibious, 8 rings, constrict 8, iridescent scales 1,
camouflage 1, see invisible, agile 1, fire resistance 1, frail 1, gelatinous
body 1
a: no special abilities


You were on level 4 of the Dungeon.
You were hungry.

You visited 1 branch of the dungeon, and saw 4 of its levels.

You collected 180 gold pieces.

Inventory:

Hand Weapons
 b - a +0 short sword (weapon)
 i - a +2 hunting sling of flaming
Missiles
 c - 10 sling bullets
 o - 3 stones (quivered)
Jewellery
 g - a ring of protection from fire (right tentacle)
Scrolls
 h - a scroll of fear
 m - a scroll of enchant armour
 r - a scroll of recharging
 u - 4 scrolls of remove curse
Potions
 a - a potion of ambrosia
 x - a potion of might {unknown}
Comestibles
 d - 2 bread rations


   Skills:
 - Level 2.0 Fighting
 + Level 5.7 Slings
 * Level 5.8 Dodging
 - Level 1.3 Stealth


You had 5 spell levels left.
You didn't know any spells.

Dungeon Overview and Level Annotations

Branches:
Dungeon (4/15)
 Temple: D:4-7

Altars:
Cheibriados
Makhleb

Annotations:
D:4 Dowan, Duvessa, Eustachio


Innate Abilities, Weirdness & Mutations

You cannot wear most types of armour.
You are amphibious.
You can wear up to eight rings at the same time.
You can use your tentacles to constrict eight enemies at once.
Your skin changes colour to match your surroundings (Stealth).
Your rubbery body absorbs attacks (AC +1).
You are partially covered in iridescent scales (AC +4).
You have supernaturally acute eyesight.
You are agile. (Dex +2)
Your flesh is heat resistant.
You are frail (-10% HP).


Message History

You hit the river rat.
The river rat is almost dead.
You constrict the river rat, but do no damage.
The crimson imp misses you. The river rat barely misses you.
Unknown command.
Drink which item? (? for menu, Esc to quit)
Okay, then.
You hit the river rat but do no damage.
The river rat is almost dead.
You constrict the river rat.
You kill the river rat!
The river rat's corpse disappears in a puff of smoke!
The crimson imp hits you.
* * * LOW HITPOINT WARNING * * *
The crimson imp hits you but does no damage.
Unknown command.
Drink which item? (? for menu, Esc to quit)
You are confused.
You feel invigorated. The river rat bites you!
You die...

.........(.?.....#
#.......(........#
............r...#
..#........ยง5..##
..###........###
........####.###
........# #rr5#####
..###.########5r...#
..##....._#1####@..#
..##..####### #...#
.....## #...# ...###
#...# #...# #####
#.#.## .....###
...#..... .........


You could see a crimson imp, 2 river rats, an ufetubus and a rat.

Vanquished Creatures
  An ogre (D:4)
  The ghost of Kidiri the Magician, an amateur DEFE (D:3)
  A howler monkey (D:4)
  A hound (D:4)
  Ijyb (D:3)
  A hound skeleton (D:4)
  6 adders
  2 gnolls (D:4)
  An ooze (D:3)
  4 worms
  2 giant geckos
  5 orcs
  2 giant cockroaches
  3 goblins
  A hobgoblin (D:3)
  15 jackals
  A quokka (D:3)
  5 bats
  2 giant newts (D:3)
  5 kobolds
  3 rats
63 creatures vanquished.

Notes
Turn   | Place    | Note
--------------------------------------------------------------
     0 | D:1      | M4edhros the Octopode Hunter began the quest for the Orb.
     0 | D:1      | Reached XP level 1. HP: 14/14 MP: 1/1
   228 | D:1      | Reached XP level 2. HP: 19/19 MP: 2/2
   743 | D:2      | Reached XP level 3. HP: 24/24 MP: 3/3
  1013 | D:2      | You fall through a shaft!
  1019 | D:3      | Reached XP level 4. HP: 29/29 MP: 4/4
  1105 | D:3      | Noticed Kidiri's ghost (amateur DEFE)
  1112 | D:3      | Killed Kidiri's ghost
  1112 | D:3      | Reached XP level 5. HP: 34/34 MP: 5/5
  1117 | D:3      | Reached skill level 5 in Slings
  1180 | D:3      | Found a snail-covered altar of Cheibriados.
  1520 | D:3      | Noticed Ijyb
  1531 | D:3      | Killed Ijyb
  1618 | D:4      | Reached skill level 5 in Dodging
  1618 | D:4      | Reached XP level 6. HP: 39/39 MP: 6/6
  1619 | D:4      | Noticed Duvessa
  1621 | D:4      | Noticed Dowan
  1676 | D:3      | Gained mutation: You have supernaturally acute eyesight. [potion of mutation]
  1676 | D:3      | Gained mutation: Your flesh is heat resistant. [potion of mutation]
  1676 | D:3      | Gained mutation: You are frail (-10% HP). [potion of mutation]
  1677 | D:3      | Gained mutation: You are partially covered in iridescent scales (AC +4). [potion of mutation]
  1763 | D:4      | Gained mutation: You are agile. (Dex +2) [potion of beneficial mutation]
  1983 | D:4      | Found a burning altar of Makhleb.
  1983 | D:4      | Noticed an Executioner
  1996 | D:4      | Noticed Eustachio
  2048 | D:4      | HP: 1/35 [crimson imp[Eustachio] (3)]
  2050 | D:4      | Slain by a river rat

Vault maps used:
D:1:      elethiomel_arrival_shortcut
D:2:      minmay_item_behind_shaft, uniq_natasha
D:3:      cheibriados_altar_1, uniq_iyjb
D:4:      lemuel_castle_with_subvaults, makhleb_altar_promises_db,
          gammafunk_temple_overflow_pools, grunt_temple_overflow_diamond,
          uniq_eustachio, uniq_duvessa

Skill      XL: |  1  2  3  4  5 |
---------------+----------------+-----
Dodging        | 3 4 5 |  5.8
Slings         | 5 |  5.7
Fighting       | |  2.0
Stealth        | |  1.3

Action                   |  1- 3 |  4- 6 || total
-------------------------+-------+-------++-------
Melee: Short sword       |       |    26 ||    26
       Hunting sling     |       |    21 ||    21
       Unarmed           |       |     3 ||     3
 Fire: Hunting sling     |    75 |   139 ||   214
  Use: Scroll            |     2 |     7 ||     9
       Potion            |       |     8 ||     8
  Eat: Beef jerky        |       |     1 ||     1
       Chunk             |       |     1 ||     1
